DETROIT Red Wings vs VEGAS Golden Knights

Created - 3 avril 2024 at 14:29

Goals
1 2 3 T
DETROIT Red Wings 1 1 2 4
VEGAS Golden Knights 4 0 2 6
Shots
1 2 3 T
DETROIT Red Wings 20 14 8 42
VEGAS Golden Knights 13 6 11 30

1st period

1. VEGAS Golden Knights , Adam Erne 15 (Tony DeAngelo 26) at 1:10
2. VEGAS Golden Knights , Sebastian Aho 22 (Jared McCann 26, Alex Killorn 30) at 10:59 (PP)
3. VEGAS Golden Knights , Alex Killorn 20 (Adam Larsson 26, Andrei Svechnikov 22) at 12:18
4. DETROIT Red Wings , Alex Ovechkin 27 (Ryan O'Reilly 38, Jeff Petry 36) at 13:26
5. VEGAS Golden Knights , Jared McCann 24 (Sebastian Aho 38, Mike Reilly 1) at 18:16

Penalties :
Jordan Oesterle (VGK) for Fighting (Major) at 5:54, Corey Perry (DET) for Fighting (Major) at 5:54, Jordan Oesterle (VGK) for instigated a fight (Game Misconduct) at 5:54, Josh Anderson (DET) for Slashing (Minor) at 10:37, Tony DeAngelo (VGK) for Cross-checking (Minor) at 14:22, Tomas Tatar (VGK) for Interference (Minor) at 18:53, Connor Hellebuyck (VGK) for Slashing (Minor) at 19:19 - Noah Hanifin served the penalty.

2nd period

6. DETROIT Red Wings , Zach Hyman 26 (Seth Jones 33, Bryan Rust 34) at 10:03 (PP)

Penalties :
Noah Hanifin (VGK) for Slashing (Minor) at 1:53, Colton Sissons (VGK) for Roughing (Minor) at 5:29, Noel Acciari (VGK) for Roughing (Minor) at 8:15, Colton Parayko (DET) for Tripping (Minor) at 10:52, Zach Hyman (DET) for Tripping (Minor) at 13:23, Noah Hanifin (VGK) for High sticking (Minor) at 16:44

3rd period

7. VEGAS Golden Knights , Alex Killorn 21 (Sebastian Aho 39, Jared McCann 27) at 6:38 (PP)
8. VEGAS Golden Knights , Tomas Tatar 17 (Andrei Svechnikov 23, Colton Sissons 31) at 13:21 (PP)
9. DETROIT Red Wings , Alex Ovechkin 28 (Seth Jones 34, Ryan O'Reilly 39) at 14:27 (PP)
10. DETROIT Red Wings , Seth Jones 14 (Colton Parayko 49, Alex Ovechkin 26) at 15:11

Penalties :
Shayne Gostisbehere (DET) for Interference (Minor) at 2:49, Alex Ovechkin (DET) for Roughing (Minor) at 5:12, Alex Ovechkin (DET) for Roughing (Minor) at 6:55, Alex Ovechkin (DET) for Tripping (Minor) at 12:07, Colton Sissons (VGK) for Boarding (Minor) at 14:23, Josh Anderson (DET) for Boarding (Minor) at 19:31

Goalie Stats

John Gibson (DET), 17 saves from 22 shots - (0,773), L, 34-22-7, 46:38 minutes
Calvin Pickard (DET), 7 saves from 8 shots - (0,875), 13:22 minutes
Connor Hellebuyck (VGK), 38 saves from 42 shots - (0,905), W, 35-27-3, 60:00 minutes

Players Stats for DETROIT Red Wings

Player Name              G  A  P  +/- PIM S  H  SB GA TA FO     MP     PP MP  PK MP  
------------------------------------------------------------------------------------
Alex Ovechkin            2  1  3   1  6   5  2  0  0  0  0/2    17:50   6:45   0:03 
Bryan Rust               0  1  1  -1  0   2  3  0  0  0  1/2    19:57   7:27   0:00 
Colton Parayko           0  1  1   1  2   4  4  3  0  0  0/0    24:06   8:02   4:03 
Corey Perry              0  0  0  -1  5   1  1  0  0  0  0/0     6:04   0:00   0:00 
Danton Heinen            0  0  0   0  0   0  0  0  0  0  0/0     4:35   0:00   0:27 
Jeff Petry               0  1  1  -1  0   2  0  0  0  0  0/0    20:27   6:10   0:38 
Josh Anderson            0  0  0   1  4   3  2  0  0  0  1/2    17:48   6:45   0:00 
Kevin Hayes              0  0  0  -1  0   0  0  0  0  0  10/21  14:02   0:00   7:23 
Luke Glendening          0  0  0   0  0   0  1  0  0  0  5/10    8:08   0:00   4:00 
Nikita Zadorov           0  0  0  -1  0   0  2  4  0  0  0/0    15:04   0:00   6:23 
Ryan O'Reilly            0  2  2   1  0   5  0  0  0  0  20/37  17:50   6:45   0:00 
Seth Jones               1  2  3   1  0   2  0  1  0  0  0/0    25:07   8:02   5:03 
Shayne Gostisbehere      0  0  0  -1  2   6  1  0  0  0  0/0    19:48   6:10   0:00 
Sidney Crosby            0  0  0  -1  0   4  3  0  0  0  22/36  19:57   7:27   0:00 
T.J. Brodie              0  0  0  -1  0   0  0  1  0  0  0/0    15:26   0:00   6:45 
Travis Boyd              0  0  0  -1  0   1  1  0  0  0  1/3    14:02   0:00   7:23 
Trevor Lewis             0  0  0   0  0   0  0  0  0  0  0/0     8:18   0:00   3:36 
Zach Hyman               1  0  1  -1  2   7  3  0  0  0  0/0    19:56   7:27   0:00 

Players Stats for VEGAS Golden Knights

Player Name              G  A  P  +/- PIM S  H  SB GA TA FO     MP     PP MP  PK MP  
------------------------------------------------------------------------------------
Adam Erne                1  0  1   1  0   3  0  0  0  0  1/1     9:08   0:00   0:00 
Adam Larsson             0  1  1   1  0   3  2  3  0  0  0/0    26:43   1:03   9:32 
Alex Killorn             2  1  3   0  0   4  2  0  0  0  1/1    20:11   5:21   4:28 
Andrei Svechnikov        0  2  2   0  0   3  2  0  0  0  1/1    16:22   6:00   0:00 
Colton Sissons           0  1  1   1  4   0  0  0  0  0  21/39  22:11   6:05   7:44 
Devin Shore              0  0  0  -1  0   0  1  0  0  0  0/0     4:13   0:00   0:11 
Evgenii Dadonov          0  0  0   1  0   1  1  0  0  0  1/3     9:08   0:00   0:00 
Jared McCann             1  2  3   1  0   4  2  0  0  0  0/0    17:06   5:21   0:11 
Jordan Oesterle          0  0  0   0  17  0  0  0  0  0  0/0     1:53   0:00   0:00 
Mikael Granlund          0  0  0   0  0   0  0  0  0  0  10/23  17:28   4:23   2:43 
Mike Reilly              0  1  1   2  0   0  1  0  0  0  0/0    11:42   0:00   1:27 
Noah Hanifin             0  0  0   0  4   0  1  2  0  0  0/0    25:43   6:00   4:09 
Noel Acciari             0  0  0  -1  2   1  2  1  0  0  5/12   13:40   6:05   3:34 
Olli Maatta              0  0  0  -1  0   0  3  1  0  0  0/0    21:14   1:03   8:09 
Phil Di Giuseppe         0  0  0  -1  0   0  0  0  0  0  0/0     4:02   0:00   0:00 
Sebastian Aho            1  2  3   1  0   6  2  1  0  0  13/32  24:11   5:21   8:00 
Tomas Tatar              1  0  1   1  2   2  1  1  0  0  0/1    16:54   6:05   0:00 
Tony DeAngelo            0  1  1   0  2   3  1  1  0  0  0/0    22:18   4:23   5:07 

3 Stars

1 - Alex Killorn (VGK)
2 - Sebastian Aho (VGK)
3 - Jared McCann (VGK)

Power Play

DETROIT Red Wings - 2 on 9 Attempt(s) - 22,22%
VEGAS Golden Knights - 3 on 8 Attempt(s) - 37,50%

Penalty Kill

DETROIT Red Wings - 5 on 8 Attempt(s) - 62,50% - Score 0 goal in Penalty Kill
VEGAS Golden Knights - 7 on 9 Attempt(s) - 77,78% - Score 0 goal in Penalty Kill

Team Stat

DETROIT Red Wings - Hits : 23 - Faceoff Wins : 60 - Blocked Shots : 9 - Penalty Minutes : 21
VEGAS Golden Knights - Hits : 21 - Faceoff Wins : 53 - Blocked Shots : 10 - Penalty Minutes : 33

Official

Referees : Trevor Hanson and Justin Kea
Linesman : Nikoleta Celarova and Jackie Spresser

Game Notes

Jordan Oesterle and Corey Perry fight to a draw at 5:54 of 1st period
Jordan Oesterle (VGK) for instigated a fight (Game Misconduct) at 5:54
Jordan Oesterle ejected from game at 5:54 of 1st period
Calvin Pickard enters game at 6:38 of 3rd period

Finance

Level 1 -- Attendance: 4703 (78,38%) -- Ticket Income $470,300
Level 2 -- Attendance: 4179 (83,58%) -- Ticket Income $250,740
Level 3 -- Attendance: 2000 (100,00%) -- Ticket Income $70,000
Level 4 -- Attendance: 2716 (67,90%) -- Ticket Income $67,900
Luxury Box -- Attendance: 790 (79,00%) -- Ticket Income $158,000
Game was played at the T-Mobile Arena.
Total Attendance: 14388 (79,93%)
Total Ticket Income: $1,016,940
Other Income: $254,235
Total Income: $1,271,175

DETROIT Red Wings

5 vs 5 Forward 
   Center                   Left Wing                Right Wing               Time % Phy DF OF 
 1 Sidney Crosby            Bryan Rust               Zach Hyman               38     0   2  3  
 2 Ryan O'Reilly            Alex Ovechkin            Josh Anderson            36     0   2  3  
 3 Kevin Hayes              Corey Perry              Travis Boyd              16     0   3  2  
 4 Luke Glendening          Danton Heinen            Trevor Lewis             10     0   4  1  

5 vs 5 Defense 
   Defense                  Defense                                           Time % Phy DF OF 
 1 Seth Jones               Colton Parayko                                    35     1   2  2  
 2 Shayne Gostisbehere      Jeff Petry                                        34     1   2  2  
 3 Nikita Zadorov           T.J. Brodie                                       25     1   3  1  
 4 Seth Jones               Colton Parayko                                    6      1   2  2  

PowerPlay Forward 
   Center                   Left Wing                Right Wing               Time % Phy DF OF 
 1 Sidney Crosby            Bryan Rust               Zach Hyman               50     0   1  4  
 2 Ryan O'Reilly            Alex Ovechkin            Josh Anderson            50     0   1  4  

PowerPlay Defense
   Defense                  Defense                                           Time % Phy DF OF 
 1 Seth Jones               Colton Parayko                                    60     0   1  4  
 2 Shayne Gostisbehere      Jeff Petry                                        40     0   1  4  

Penalty Kill 4 Players Forward 
   Center                   Wing                     Time % Phy DF OF 
 1 Kevin Hayes              Travis Boyd              60     1   4  0  
 2 Luke Glendening          Trevor Lewis             40     1   4  0  

Penalty Kill 4 Players Defense
   Defense                  Defense                  Time % Phy DF OF 
 1 Nikita Zadorov           T.J. Brodie              60     1   4  0  
 2 Seth Jones               Colton Parayko           40     1   4  0  

Penalty Kill - 3 Players Forward 
   Forward                                           Time % Phy DF OF 
 1 Ryan O'Reilly                                     60     0   4  1  
 2 Luke Glendening                                   40     0   4  1  

Penalty Kill - 3 Players Defense
   Defense                  Defense                  Time % Phy DF OF 
 1 Nikita Zadorov           T.J. Brodie              60     0   4  1  
 2 Seth Jones               Colton Parayko           40     0   4  1  

4 vs 4 Forward 
   Center                   Wing                     Time % Phy DF OF 
 1 Sidney Crosby            Zach Hyman               60     0   2  3  
 2 Ryan O'Reilly            Alex Ovechkin            40     0   2  3  

4 vs 4 Defense
   Defense                  Defense                  Time % Phy DF OF 
 1 Seth Jones               Colton Parayko           60     0   2  3  
 2 Shayne Gostisbehere      Jeff Petry               40     0   2  3  

Last Minutes Offensive
   Center                   Left Wing                Right Wing               Defense                  Defense                  
   Sidney Crosby            Alex Ovechkin            Zach Hyman               Seth Jones               Colton Parayko           

Last Minutes Defensive
   Center                   Left Wing                Right Wing               Defense                  Defense                  
   Sidney Crosby            Alex Ovechkin            Zach Hyman               Seth Jones               Colton Parayko           

Goaltenders
Starting : John Gibson              
Backup : Calvin Pickard           

Extra Forwards
Normal : Corey Perry, Kevin Hayes, Trevor Lewis - PP : Corey Perry, Kevin Hayes - PK : Trevor Lewis
Extra Defensemen
Normal : Shayne Gostisbehere, Nikita Zadorov, Jeff Petry - PP : Shayne Gostisbehere - PK : T.J. Brodie, Jeff Petry
Penalty Shots
Sidney Crosby, Alex Ovechkin, Zach Hyman, Bryan Rust, Ryan O'Reilly

Scratches
Dakota Joshua (Healthy), Josh Archibald (Healthy), Zach Whitecloud (Healthy)

VEGAS Golden Knights

5 vs 5 Forward 
   Center                   Left Wing                Right Wing               Time % Phy DF OF 
 1 Sebastian Aho            Jared McCann             Tomas Tatar              36     1   2  2  
 2 Mikael Granlund          Andrei Svechnikov        Alex Killorn             30     1   2  2  
 3 Colton Sissons           Adam Erne                Evgenii Dadonov          25     1   2  2  
 4 Noel Acciari             Phil Di Giuseppe         Devin Shore              9      1   2  2  

5 vs 5 Defense 
   Defense                  Defense                                           Time % Phy DF OF 
 1 Adam Larsson             Olli Maatta                                       40     1   2  2  
 2 Noah Hanifin             Tony DeAngelo                                     33     1   2  2  
 3 Mike Reilly              Jordan Oesterle                                   22     1   2  2  
 4 Adam Larsson             Noah Hanifin                                      5      1   2  2  

PowerPlay Forward 
   Center                   Left Wing                Right Wing               Time % Phy DF OF 
 1 Sebastian Aho            Jared McCann             Alex Killorn             65     0   1  4  
 2 Colton Sissons           Noel Acciari             Tomas Tatar              35     0   2  3  

PowerPlay Defense
   Defense                  Defense                                           Time % Phy DF OF 
 1 Andrei Svechnikov        Noah Hanifin                                      65     0   1  4  
 2 Mikael Granlund          Tony DeAngelo                                     35     0   2  3  

Penalty Kill 4 Players Forward 
   Center                   Wing                     Time % Phy DF OF 
 1 Colton Sissons           Sebastian Aho            60     1   3  1  
 2 Noel Acciari             Alex Killorn             40     1   3  1  

Penalty Kill 4 Players Defense
   Defense                  Defense                  Time % Phy DF OF 
 1 Adam Larsson             Tony DeAngelo            60     1   3  1  
 2 Noah Hanifin             Olli Maatta              40     1   3  1  

Penalty Kill - 3 Players Forward 
   Forward                                           Time % Phy DF OF 
 1 Colton Sissons                                    60     0   5  0  
 2 Sebastian Aho                                     40     0   5  0  

Penalty Kill - 3 Players Defense
   Defense                  Defense                  Time % Phy DF OF 
 1 Adam Larsson             Noah Hanifin             60     0   5  0  
 2 Tony DeAngelo            Olli Maatta              40     0   5  0  

4 vs 4 Forward 
   Center                   Wing                     Time % Phy DF OF 
 1 Sebastian Aho            Alex Killorn             60     1   2  2  
 2 Mikael Granlund          Jared McCann             40     1   2  2  

4 vs 4 Defense
   Defense                  Defense                  Time % Phy DF OF 
 1 Adam Larsson             Tony DeAngelo            60     1   2  2  
 2 Noah Hanifin             Olli Maatta              40     1   2  2  

Last Minutes Offensive
   Center                   Left Wing                Right Wing               Defense                  Defense                  
   Sebastian Aho            Jared McCann             Alex Killorn             Tony DeAngelo            Noah Hanifin             

Last Minutes Defensive
   Center                   Left Wing                Right Wing               Defense                  Defense                  
   Sebastian Aho            Colton Sissons           Alex Killorn             Adam Larsson             Noah Hanifin             

Goaltenders
Starting : Connor Hellebuyck        
Backup : Pyotr Kochetkov          

Extra Forwards
Normal : Jared McCann, Sebastian Aho, Alex Killorn - PP : Sebastian Aho, Mikael Granlund - PK : Colton Sissons
Extra Defensemen
Normal : Adam Larsson, Noah Hanifin, Tony DeAngelo - PP : Tony DeAngelo - PK : Adam Larsson, Noah Hanifin
Penalty Shots
Sebastian Aho, Jared McCann, Andrei Svechnikov, Alex Killorn, Tomas Tatar

Scratches
None


% Time on Ice - DETROIT Red Wings

Lines # - Real PCT - Wanted PCT - Time Play
Normal Forward
1 - 36% - 38% - 12:30
2 - 32% - 36% - 11:05
3 - 19% - 16% - 6:39
4 - 12% - 10% - 4:08
Normal Defense
1 - 32% - 35% - 10:59
2 - 40% - 34% - 13:39
3 - 25% - 25% - 8:41
4 - 3% - 6% - 1:03
PP Forward
1 - 52% - 50% - 7:27
2 - 48% - 50% - 6:45
PP Defense
1 - 57% - 60% - 8:02
2 - 43% - 40% - 6:10
PK Forward
1 - 69% - 60% - 7:53
2 - 31% - 40% - 3:33
PK Defense
1 - 56% - 60% - 6:23
2 - 44% - 40% - 5:03
PK3 Forward
1 - 0% - 60%
2 - 0% - 40%
PK3 Defense
1 - 0% - 60%
2 - 0% - 40%
44 Forward
1 - 0% - 60%
2 - 0% - 40%
44 Defense
1 - 0% - 60%
2 - 0% - 40%
Last Minute Offensive  - 0:00
Last Minute Defensive  - 0:00
Total
Forward - 60:00
Defense - 60:00

% Time on Ice - VEGAS Golden Knights

Lines # - Real PCT - Wanted PCT - Time Play
Normal Forward
1 - 32% - 36% - 10:50
2 - 30% - 30% - 10:22
3 - 27% - 25% - 9:08
4 - 12% - 9% - 4:02
Normal Defense
1 - 35% - 40% - 12:02
2 - 35% - 33% - 12:05
3 - 30% - 22% - 10:15
4 - 0% - 5% - 0:00
PP Forward
1 - 47% - 65% - 5:21
2 - 53% - 35% - 6:05
PP Defense
1 - 62% - 65% - 7:03
2 - 38% - 35% - 4:23
PK Forward
1 - 65% - 60% - 8:11
2 - 35% - 40% - 4:28
PK Defense
1 - 51% - 60% - 6:24
2 - 49% - 40% - 6:15
PK3 Forward
1 - 100% - 60% - 1:33
2 - 0% - 40% - 0:00
PK3 Defense
1 - 100% - 60% - 1:33
2 - 0% - 40% - 0:00
44 Forward
1 - 0% - 60%
2 - 0% - 40%
44 Defense
1 - 0% - 60%
2 - 0% - 40%
Last Minute Offensive  - 0:00
Last Minute Defensive  - 0:00
Total
Forward - 60:00
Defense - 60:00

Play-by-Play

1st period


0:01 of 1st period - Sebastian Aho wins face-off versus Sidney Crosby in neutral zone.
0:28 of 1st period - Shot by Jared McCann.
0:28 of 1st period - Shot Misses the Net.
0:42 of 1st period - Shot by Jared McCann.
0:42 of 1st period - Shot Misses the Net.
0:56 of 1st period - Shot by Andrei Svechnikov.
0:56 of 1st period - Stopped by John Gibson without a rebound.
0:57 of 1st period - Colton Sissons wins face-off versus Ryan O'Reilly in DETROIT Red Wings zone.
1:00 of 1st period - Shot by Evgenii Dadonov.
1:00 of 1st period - Stopped by John Gibson without a rebound.
1:01 of 1st period - Colton Sissons wins face-off versus Ryan O'Reilly in DETROIT Red Wings zone.
1:10 of 1st period - Shot by Adam Erne.
1:10 of 1st period - Goal by Adam Erne - DETROIT Red Wings : 0 - VEGAS Golden Knights : 1.
1:11 of 1st period - Kevin Hayes wins face-off versus Mikael Granlund in neutral zone.
1:51 of 1st period - Shot by Alex Killorn.
1:51 of 1st period - Stopped by John Gibson without a rebound.
1:52 of 1st period - Ryan O'Reilly wins face-off versus Colton Sissons in DETROIT Red Wings zone.
2:04 of 1st period - Icing by Tony DeAngelo.
2:05 of 1st period - Colton Sissons wins face-off versus Luke Glendening in VEGAS Golden Knights zone.
2:32 of 1st period - Shot by Colton Sissons.
2:32 of 1st period - Shot Blocked by Colton Parayko.
2:53 of 1st period - Icing by Colton Parayko.
2:54 of 1st period - Sebastian Aho wins face-off versus Luke Glendening in DETROIT Red Wings zone.
3:05 of 1st period - Shot by Jared McCann.
3:05 of 1st period - Shot Misses the Net.
3:07 of 1st period - Shot by Adam Larsson.
3:07 of 1st period - Stopped by John Gibson without a rebound.
3:08 of 1st period - Noel Acciari wins face-off versus Ryan O'Reilly in DETROIT Red Wings zone.
3:50 of 1st period - Shot by Ryan O'Reilly.
3:50 of 1st period - Stopped by Connor Hellebuyck without a rebound.
3:51 of 1st period - Sidney Crosby wins face-off versus Mikael Granlund in VEGAS Golden Knights zone.
4:31 of 1st period - Icing by Mikael Granlund.
4:32 of 1st period - Kevin Hayes wins face-off versus Mikael Granlund in VEGAS Golden Knights zone.
4:39 of 1st period - Shot by Travis Boyd.
4:39 of 1st period - Stopped by Connor Hellebuyck without a rebound.
4:40 of 1st period - Sebastian Aho wins face-off versus Ryan O'Reilly in VEGAS Golden Knights zone.
4:42 of 1st period - Icing by Jared McCann.
4:43 of 1st period - Ryan O'Reilly wins face-off versus Sebastian Aho in VEGAS Golden Knights zone.
4:46 of 1st period - Shot by Ryan O'Reilly.
4:46 of 1st period - Shot Misses the Net.
5:12 of 1st period - Shot by Josh Anderson.
5:12 of 1st period - Stopped by Connor Hellebuyck without a rebound.
5:13 of 1st period - Sidney Crosby wins face-off versus Colton Sissons in VEGAS Golden Knights zone.
5:28 of 1st period - Shot by Sidney Crosby.
5:28 of 1st period - Stopped by Connor Hellebuyck without a rebound.
5:29 of 1st period - Andrei Svechnikov wins face-off versus Travis Boyd in VEGAS Golden Knights zone.
5:34 of 1st period - Shot by Mikael Granlund.
5:34 of 1st period - Shot Misses the Net.
5:48 of 1st period - Alex Killorn is hit by Corey Perry and loses puck.
5:54 of 1st period - Jordan Oesterle and Corey Perry fight to a draw.
5:54 of 1st period - Penalty to Jordan Oesterle for Fighting.
5:54 of 1st period - Penalty to Corey Perry for Fighting.
5:54 of 1st period - Penalty to Jordan Oesterle for instigated a fight.
5:54 of 1st period - Jordan Oesterle is ejected from game.
5:55 of 1st period - Sidney Crosby wins face-off versus Colton Sissons in neutral zone.
5:57 of 1st period - Off-side.
5:58 of 1st period - Ryan O'Reilly wins face-off versus Colton Sissons in neutral zone.
6:23 of 1st period - Shot by Colton Parayko.
6:23 of 1st period - Shot Misses the Net.
6:40 of 1st period - Off-side.
6:41 of 1st period - Colton Sissons wins face-off versus Sidney Crosby in neutral zone.
6:41 of 1st period - Adam Larsson is hit by Zach Hyman and loses puck.
7:07 of 1st period - Sidney Crosby is hit by Olli Maatta.
7:13 of 1st period - Shot by Zach Hyman.
7:13 of 1st period - Stopped by Connor Hellebuyck without a rebound.
7:14 of 1st period - Ryan O'Reilly wins face-off versus Noel Acciari in VEGAS Golden Knights zone.
7:25 of 1st period - Shot by Seth Jones.
7:25 of 1st period - Stopped by Connor Hellebuyck with a rebound.
7:27 of 1st period - Shot by Colton Parayko.
7:27 of 1st period - Deflect By Alex Ovechkin.
7:27 of 1st period - Shot Blocked by Tony DeAngelo.
7:29 of 1st period - Shot by Colton Parayko.
7:29 of 1st period - Shot Blocked by Noel Acciari.
7:31 of 1st period - Shot by Seth Jones.
7:31 of 1st period - Shot Misses the Net.
7:33 of 1st period - Shot by Colton Parayko.
7:33 of 1st period - Stopped by Connor Hellebuyck with a rebound.
7:35 of 1st period - Shot by Ryan O'Reilly.
7:35 of 1st period - Shot Misses the Net.
8:03 of 1st period - Shot by Jared McCann.
8:03 of 1st period - Stopped by John Gibson without a rebound.
8:04 of 1st period - Colton Sissons wins face-off versus Sidney Crosby in DETROIT Red Wings zone.
8:19 of 1st period - Shot by Adam Erne.
8:19 of 1st period - Stopped by John Gibson without a rebound.
8:20 of 1st period - Kevin Hayes wins face-off versus Sebastian Aho in DETROIT Red Wings zone.
8:51 of 1st period - Shot by Sebastian Aho.
8:51 of 1st period - Stopped by John Gibson without a rebound.
8:52 of 1st period - Mikael Granlund wins face-off versus Ryan O'Reilly in DETROIT Red Wings zone.
9:17 of 1st period - Shot by Josh Anderson.
9:17 of 1st period - Shot Hit the Post.
9:21 of 1st period - Shot by Ryan O'Reilly.
9:21 of 1st period - Stopped by Connor Hellebuyck without a rebound.
9:22 of 1st period - Sebastian Aho wins face-off versus Sidney Crosby in VEGAS Golden Knights zone.
9:22 of 1st period - Sebastian Aho is hit by Sidney Crosby.
9:25 of 1st period - Icing by Jared McCann.
9:26 of 1st period - Sidney Crosby wins face-off versus Sebastian Aho in VEGAS Golden Knights zone.
9:41 of 1st period - Shot by Zach Hyman.
9:41 of 1st period - Stopped by Connor Hellebuyck with a rebound.
9:43 of 1st period - Shot by Sidney Crosby.
9:43 of 1st period - Stopped by Connor Hellebuyck without a rebound.
9:44 of 1st period - Adam Erne wins face-off versus Ryan O'Reilly in VEGAS Golden Knights zone.
9:46 of 1st period - Icing by Colton Sissons.
9:47 of 1st period - Colton Sissons wins face-off versus Ryan O'Reilly in VEGAS Golden Knights zone.
9:57 of 1st period - Icing by Adam Erne.
9:58 of 1st period - Sidney Crosby wins face-off versus Colton Sissons in VEGAS Golden Knights zone.
10:26 of 1st period - Shot by Sidney Crosby.
10:26 of 1st period - Deflect By Bryan Rust.
10:26 of 1st period - Stopped by Connor Hellebuyck without a rebound.
10:27 of 1st period - Sebastian Aho wins face-off versus Ryan O'Reilly in VEGAS Golden Knights zone.
10:37 of 1st period - Minor Penalty to Josh Anderson for Slashing.
10:38 of 1st period - Sebastian Aho wins face-off versus Kevin Hayes in DETROIT Red Wings zone.
10:59 of 1st period - Shot by Sebastian Aho.
10:59 of 1st period - Goal by Sebastian Aho - DETROIT Red Wings : 0 - VEGAS Golden Knights : 2.
11:00 of 1st period - Colton Sissons wins face-off versus Ryan O'Reilly in neutral zone.
11:28 of 1st period - Off-side.
11:29 of 1st period - Sebastian Aho wins face-off versus Sidney Crosby in neutral zone.
11:43 of 1st period - Shot by Sebastian Aho.
11:43 of 1st period - Stopped by John Gibson without a rebound.
11:44 of 1st period - Kevin Hayes wins face-off versus Mikael Granlund in DETROIT Red Wings zone.
11:44 of 1st period - Kevin Hayes is hit by Andrei Svechnikov.
11:58 of 1st period - Shot by Alex Killorn.
11:58 of 1st period - Shot Misses the Net.
12:18 of 1st period - Shot by Alex Killorn.
12:18 of 1st period - Goal by Alex Killorn - DETROIT Red Wings : 0 - VEGAS Golden Knights : 3.
12:19 of 1st period - Sidney Crosby wins face-off versus Sebastian Aho in neutral zone.
12:40 of 1st period - Shot by Jared McCann.
12:40 of 1st period - Stopped by John Gibson without a rebound.
12:41 of 1st period - Ryan O'Reilly wins face-off versus Noel Acciari in DETROIT Red Wings zone.
12:41 of 1st period - Ryan O'Reilly is hit by Noel Acciari.
13:07 of 1st period - Jeff Petry is hit by Devin Shore and loses puck.
13:24 of 1st period - Shot by Ryan O'Reilly.
13:24 of 1st period - Shot Misses the Net.
13:26 of 1st period - Shot by Alex Ovechkin.
13:26 of 1st period - Goal by Alex Ovechkin - DETROIT Red Wings : 1 - VEGAS Golden Knights : 3.
13:27 of 1st period - Bryan Rust wins face-off versus Sebastian Aho in neutral zone.
13:37 of 1st period - Icing by Noah Hanifin.
13:38 of 1st period - Sebastian Aho wins face-off versus Luke Glendening in VEGAS Golden Knights zone.
14:22 of 1st period - Minor Penalty to Tony DeAngelo for Cross-checking.
14:23 of 1st period - Colton Sissons wins face-off versus Bryan Rust in VEGAS Golden Knights zone.
14:34 of 1st period - Olli Maatta is hit by Bryan Rust and loses puck.
14:55 of 1st period - Shot by Shayne Gostisbehere.
14:55 of 1st period - Shot Blocked by Adam Larsson.
14:57 of 1st period - Shot by Shayne Gostisbehere.
14:57 of 1st period - Stopped by Connor Hellebuyck without a rebound.
14:58 of 1st period - Ryan O'Reilly wins face-off versus Noel Acciari in VEGAS Golden Knights zone.
15:09 of 1st period - Shot by Seth Jones.
15:09 of 1st period - Shot Misses the Net.
15:35 of 1st period - Shot by Ryan O'Reilly.
15:35 of 1st period - Shot Misses the Net.
15:37 of 1st period - Shot by Colton Parayko.
15:37 of 1st period - Shot Blocked by Noah Hanifin.
15:39 of 1st period - Shot by Alex Ovechkin.
15:39 of 1st period - Shot Misses the Net.
15:41 of 1st period - Shot by Josh Anderson.
15:41 of 1st period - Stopped by Connor Hellebuyck with a rebound.
15:56 of 1st period - Icing by Jeff Petry.
15:57 of 1st period - Colton Sissons wins face-off versus Sidney Crosby in DETROIT Red Wings zone.
16:12 of 1st period - Olli Maatta is hit by Bryan Rust and loses puck.
16:17 of 1st period - Shot by Jeff Petry.
16:17 of 1st period - Shot Hit the Post.
16:21 of 1st period - Shot by Sidney Crosby.
16:21 of 1st period - Stopped by Connor Hellebuyck without a rebound.
16:22 of 1st period - Kevin Hayes wins face-off versus Evgenii Dadonov in VEGAS Golden Knights zone.
16:37 of 1st period - Shot by Colton Sissons.
16:37 of 1st period - Deflect By Evgenii Dadonov.
16:37 of 1st period - Shot Blocked by T.J. Brodie.
17:11 of 1st period - Nikita Zadorov is hit by Andrei Svechnikov and loses puck.
17:16 of 1st period - Shot by Mikael Granlund.
17:16 of 1st period - Shot Blocked by Nikita Zadorov.
17:39 of 1st period - Off-side.
17:40 of 1st period - Sidney Crosby wins face-off versus Sebastian Aho in neutral zone.
17:45 of 1st period - Shot by Zach Hyman.
17:45 of 1st period - Stopped by Connor Hellebuyck without a rebound.
17:46 of 1st period - Sidney Crosby wins face-off versus Sebastian Aho in VEGAS Golden Knights zone.
17:53 of 1st period - Shot by Sidney Crosby.
17:53 of 1st period - Stopped by Connor Hellebuyck without a rebound.
17:54 of 1st period - Sebastian Aho wins face-off versus Sidney Crosby in VEGAS Golden Knights zone.
18:16 of 1st period - Shot by Jared McCann.
18:16 of 1st period - Goal by Jared McCann - DETROIT Red Wings : 1 - VEGAS Golden Knights : 4.
18:17 of 1st period - Ryan O'Reilly wins face-off versus Mikael Granlund in neutral zone.
18:17 of 1st period - Colton Parayko is hit by Alex Killorn and loses puck.
18:30 of 1st period - Shot by Alex Ovechkin.
18:30 of 1st period - Stopped by Connor Hellebuyck without a rebound.
18:31 of 1st period - Sidney Crosby wins face-off versus Sebastian Aho in VEGAS Golden Knights zone.
18:53 of 1st period - Minor Penalty to Tomas Tatar for Interference.
18:54 of 1st period - Ryan O'Reilly wins face-off versus Colton Sissons in VEGAS Golden Knights zone.
19:19 of 1st period - Shot by Ryan O'Reilly.
19:19 of 1st period - Stopped by Connor Hellebuyck without a rebound.
19:19 of 1st period - Minor Penalty to Connor Hellebuyck for Slashing.
19:20 of 1st period - Sidney Crosby wins face-off versus Colton Sissons in VEGAS Golden Knights zone.
19:49 of 1st period - Shot by Jeff Petry.
19:49 of 1st period - Stopped by Connor Hellebuyck with a rebound.
19:51 of 1st period - Shot by Zach Hyman.
19:51 of 1st period - Shot Misses the Net.
19:53 of 1st period - Shot by Sidney Crosby.
19:53 of 1st period - Shot Misses the Net.
19:55 of 1st period - Shot by Bryan Rust.
19:55 of 1st period - Shot Misses the Net.
19:57 of 1st period - Shot by Zach Hyman.
19:57 of 1st period - Shot Misses the Net.
19:59 of 1st period - Shot by Jeff Petry.
19:59 of 1st period - Shot Misses the Net.
Goals for this period are 1 for DETROIT Red Wings vs 4 for VEGAS Golden Knights.
Shots for this period are 20 for DETROIT Red Wings vs 13 for VEGAS Golden Knights.

2nd period


0:01 of 2nd period - Colton Sissons wins face-off versus Sidney Crosby in neutral zone.
0:03 of 2nd period - Adam Larsson is hit by Colton Parayko and loses puck.
1:07 of 2nd period - Shot by Jeff Petry.
1:07 of 2nd period - Shot Misses the Net.
1:09 of 2nd period - Shot by Alex Ovechkin.
1:09 of 2nd period - Shot Misses the Net.
1:11 of 2nd period - Shot by Josh Anderson.
1:11 of 2nd period - Shot Misses the Net.
1:19 of 2nd period - Shot by Ryan O'Reilly.
1:19 of 2nd period - Stopped by Connor Hellebuyck without a rebound.
1:20 of 2nd period - Noel Acciari wins face-off versus Luke Glendening in VEGAS Golden Knights zone.
1:53 of 2nd period - Minor Penalty to Noah Hanifin for Slashing.
1:54 of 2nd period - Ryan O'Reilly wins face-off versus Colton Sissons in VEGAS Golden Knights zone.
1:55 of 2nd period - Shot by Colton Parayko.
1:55 of 2nd period - Shot Blocked by Adam Larsson.
2:13 of 2nd period - Shot by Colton Parayko.
2:13 of 2nd period - Shot Misses the Net.
2:23 of 2nd period - Shot by Colton Sissons.
2:23 of 2nd period - Shot Misses the Net.
2:25 of 2nd period - Shot by Colton Sissons.
2:25 of 2nd period - Shot Misses the Net.
2:44 of 2nd period - Icing by Seth Jones.
2:45 of 2nd period - Ryan O'Reilly wins face-off versus Noel Acciari in DETROIT Red Wings zone.
2:54 of 2nd period - Off-side.
2:55 of 2nd period - Sidney Crosby wins face-off versus Colton Sissons in neutral zone.
3:12 of 2nd period - Shot by Zach Hyman.
3:12 of 2nd period - Shot Blocked by Adam Larsson.
3:16 of 2nd period - Shot by Zach Hyman.
3:16 of 2nd period - Shot Misses the Net.
3:18 of 2nd period - Shot by Shayne Gostisbehere.
3:18 of 2nd period - Stopped by Connor Hellebuyck without a rebound.
3:19 of 2nd period - Sidney Crosby wins face-off versus Noel Acciari in VEGAS Golden Knights zone.
3:41 of 2nd period - Shot by Colton Parayko.
3:41 of 2nd period - Stopped by Connor Hellebuyck without a rebound.
3:42 of 2nd period - Colton Sissons wins face-off versus Ryan O'Reilly in VEGAS Golden Knights zone.
3:54 of 2nd period - Ryan O'Reilly is hit by Tony DeAngelo and loses puck.
4:04 of 2nd period - Icing by Noah Hanifin.
4:05 of 2nd period - Ryan O'Reilly wins face-off versus Mikael Granlund in VEGAS Golden Knights zone.
4:40 of 2nd period - Shot by Alex Ovechkin.
4:40 of 2nd period - Stopped by Connor Hellebuyck without a rebound.
4:41 of 2nd period - Sidney Crosby wins face-off versus Sebastian Aho in VEGAS Golden Knights zone.
4:52 of 2nd period - Shot by Bryan Rust.
4:52 of 2nd period - Shot Blocked by Tomas Tatar.
5:08 of 2nd period - Adam Larsson is hit by Zach Hyman and loses puck.
5:17 of 2nd period - Shot by Sebastian Aho.
5:17 of 2nd period - Shot Blocked by Seth Jones.
5:19 of 2nd period - Shot by Adam Larsson.
5:19 of 2nd period - Stopped by John Gibson without a rebound.
5:20 of 2nd period - Ryan O'Reilly wins face-off versus Evgenii Dadonov in DETROIT Red Wings zone.
5:20 of 2nd period - Ryan O'Reilly is hit by Evgenii Dadonov.
5:29 of 2nd period - Minor Penalty to Colton Sissons for Roughing.
5:30 of 2nd period - Ryan O'Reilly wins face-off versus Mikael Granlund in VEGAS Golden Knights zone.
5:47 of 2nd period - Shot by Alex Ovechkin.
5:47 of 2nd period - Shot Misses the Net.
5:57 of 2nd period - Shot by Jeff Petry.
5:57 of 2nd period - Stopped by Connor Hellebuyck without a rebound.
5:58 of 2nd period - Sidney Crosby wins face-off versus Sebastian Aho in VEGAS Golden Knights zone.
6:01 of 2nd period - Shot by Colton Parayko.
6:01 of 2nd period - Stopped by Connor Hellebuyck without a rebound.
6:02 of 2nd period - Mikael Granlund wins face-off versus Sidney Crosby in VEGAS Golden Knights zone.
6:14 of 2nd period - Mikael Granlund is hit by Colton Parayko and loses puck.
7:09 of 2nd period - Shot by Shayne Gostisbehere.
7:09 of 2nd period - Stopped by Connor Hellebuyck without a rebound.
7:10 of 2nd period - Ryan O'Reilly wins face-off versus Noel Acciari in VEGAS Golden Knights zone.
8:06 of 2nd period - Shot by Colton Sissons.
8:06 of 2nd period - Shot Blocked by Nikita Zadorov.
8:15 of 2nd period - Minor Penalty to Noel Acciari for Roughing.
8:16 of 2nd period - Sidney Crosby wins face-off versus Colton Sissons in VEGAS Golden Knights zone.
9:02 of 2nd period - Icing by Sidney Crosby.
9:03 of 2nd period - Colton Sissons wins face-off versus Sidney Crosby in DETROIT Red Wings zone.
9:12 of 2nd period - Shot by Sebastian Aho.
9:12 of 2nd period - Stopped by John Gibson without a rebound.
9:13 of 2nd period - Ryan O'Reilly wins face-off versus Colton Sissons in DETROIT Red Wings zone.
9:22 of 2nd period - Shot by Jeff Petry.
9:22 of 2nd period - Shot Misses the Net.
9:24 of 2nd period - Shot by Shayne Gostisbehere.
9:24 of 2nd period - Stopped by Connor Hellebuyck without a rebound.
9:25 of 2nd period - Colton Sissons wins face-off versus Ryan O'Reilly in VEGAS Golden Knights zone.
9:39 of 2nd period - Off-side.
9:40 of 2nd period - Sidney Crosby wins face-off versus Colton Sissons in neutral zone.
10:03 of 2nd period - Shot by Zach Hyman.
10:03 of 2nd period - Goal by Zach Hyman - DETROIT Red Wings : 2 - VEGAS Golden Knights : 4.
10:04 of 2nd period - Mikael Granlund wins face-off versus Ryan O'Reilly in neutral zone.
10:16 of 2nd period - Jeff Petry is hit by Alex Killorn and loses puck.
10:24 of 2nd period - Off-side.
10:25 of 2nd period - Sidney Crosby wins face-off versus Sebastian Aho in neutral zone.
10:25 of 2nd period - Sidney Crosby is hit by Sebastian Aho.
10:39 of 2nd period - Shot by Sidney Crosby.
10:39 of 2nd period - Shot Blocked by Sebastian Aho.
10:52 of 2nd period - Minor Penalty to Colton Parayko for Tripping.
10:53 of 2nd period - Kevin Hayes wins face-off versus Colton Sissons in DETROIT Red Wings zone.
10:53 of 2nd period - Kevin Hayes is hit by Noel Acciari.
11:11 of 2nd period - Shot by Noel Acciari.
11:11 of 2nd period - Shot Misses the Net.
12:14 of 2nd period - Shot by Alex Killorn.
12:14 of 2nd period - Shot Misses the Net.
12:29 of 2nd period - Off-side.
12:30 of 2nd period - Kevin Hayes wins face-off versus Colton Sissons in neutral zone.
12:42 of 2nd period - Icing by Noah Hanifin.
12:43 of 2nd period - Colton Sissons wins face-off versus Kevin Hayes in VEGAS Golden Knights zone.
13:13 of 2nd period - Shot by Josh Anderson.
13:13 of 2nd period - Stopped by Connor Hellebuyck with a rebound.
13:15 of 2nd period - Shot by Ryan O'Reilly.
13:15 of 2nd period - Shot Blocked by Olli Maatta.
13:17 of 2nd period - Shot by Alex Ovechkin.
13:17 of 2nd period - Shot Misses the Net.
13:19 of 2nd period - Shot by Ryan O'Reilly.
13:19 of 2nd period - Stopped by Connor Hellebuyck without a rebound.
13:20 of 2nd period - Mikael Granlund wins face-off versus Sidney Crosby in VEGAS Golden Knights zone.
13:20 of 2nd period - Mikael Granlund is hit by Zach Hyman.
13:23 of 2nd period - Minor Penalty to Zach Hyman for Tripping.
13:24 of 2nd period - Kevin Hayes wins face-off versus Sebastian Aho in DETROIT Red Wings zone.
13:31 of 2nd period - Shot by Sebastian Aho.
13:31 of 2nd period - Stopped by John Gibson with a rebound.
14:47 of 2nd period - Shot by Tomas Tatar.
14:47 of 2nd period - Shot Misses the Net.
14:49 of 2nd period - Shot by Tony DeAngelo.
14:49 of 2nd period - Stopped by John Gibson without a rebound.
14:50 of 2nd period - Luke Glendening wins face-off versus Tomas Tatar in DETROIT Red Wings zone.
14:50 of 2nd period - Luke Glendening is hit by Tomas Tatar.
15:09 of 2nd period - Shot by Tomas Tatar.
15:09 of 2nd period - Stopped by John Gibson without a rebound.
15:10 of 2nd period - Kevin Hayes wins face-off versus Sebastian Aho in DETROIT Red Wings zone.
15:59 of 2nd period - Shot by Bryan Rust.
15:59 of 2nd period - Shot Misses the Net.
16:01 of 2nd period - Shot by Zach Hyman.
16:01 of 2nd period - Shot Misses the Net.
16:03 of 2nd period - Shot by Zach Hyman.
16:03 of 2nd period - Stopped by Connor Hellebuyck without a rebound.
16:04 of 2nd period - Ryan O'Reilly wins face-off versus Colton Sissons in VEGAS Golden Knights zone.
16:04 of 2nd period - Colton Parayko is hit by Mike Reilly and loses puck.
16:44 of 2nd period - Minor Penalty to Noah Hanifin for High sticking.
16:45 of 2nd period - Sidney Crosby wins face-off versus Colton Sissons in VEGAS Golden Knights zone.
17:03 of 2nd period - Shot by Shayne Gostisbehere.
17:03 of 2nd period - Stopped by Connor Hellebuyck without a rebound.
17:04 of 2nd period - Noel Acciari wins face-off versus Sidney Crosby in VEGAS Golden Knights zone.
18:05 of 2nd period - Off-side.
18:06 of 2nd period - Colton Sissons wins face-off versus Ryan O'Reilly in neutral zone.
18:50 of 2nd period - Tony DeAngelo is hit by Travis Boyd and loses puck.
18:57 of 2nd period - Shot by Corey Perry.
18:57 of 2nd period - Stopped by Connor Hellebuyck without a rebound.
18:58 of 2nd period - Luke Glendening wins face-off versus Mikael Granlund in VEGAS Golden Knights zone.
19:10 of 2nd period - Shot by Alex Killorn.
19:10 of 2nd period - Stopped by John Gibson without a rebound.
19:11 of 2nd period - Sidney Crosby wins face-off versus Noel Acciari in DETROIT Red Wings zone.
19:20 of 2nd period - Devin Shore is hit by Sidney Crosby and loses puck.
19:38 of 2nd period - Sidney Crosby is hit by Noah Hanifin and loses puck.
19:43 of 2nd period - Shot by Zach Hyman.
19:43 of 2nd period - Shot Misses the Net.
Goals for this period are 1 for DETROIT Red Wings vs 0 for VEGAS Golden Knights.
Shots for this period are 14 for DETROIT Red Wings vs 6 for VEGAS Golden Knights.

3rd period


0:01 of 3rd period - Sebastian Aho wins face-off versus Ryan O'Reilly in neutral zone.
1:02 of 3rd period - Adam Larsson is hit by Sidney Crosby and loses puck.
1:06 of 3rd period - Adam Larsson is hit by Shayne Gostisbehere and loses puck.
1:27 of 3rd period - Shot by Shayne Gostisbehere.
1:27 of 3rd period - Deflect By Sidney Crosby.
1:27 of 3rd period - Shot Misses the Net.
1:30 of 3rd period - Icing by Tony DeAngelo.
1:31 of 3rd period - Mikael Granlund wins face-off versus Travis Boyd in VEGAS Golden Knights zone.
1:50 of 3rd period - Shot by Kevin Hayes.
1:50 of 3rd period - Deflect By Travis Boyd.
1:50 of 3rd period - Shot Misses the Net.
2:26 of 3rd period - Icing by Tony DeAngelo.
2:27 of 3rd period - Mikael Granlund wins face-off versus Josh Anderson in VEGAS Golden Knights zone.
2:29 of 3rd period - Tony DeAngelo is hit by Alex Ovechkin and loses puck.
2:44 of 3rd period - Shot by Alex Ovechkin.
2:44 of 3rd period - Stopped by Connor Hellebuyck without a rebound.
2:45 of 3rd period - Sebastian Aho wins face-off versus Sidney Crosby in VEGAS Golden Knights zone.
2:49 of 3rd period - Minor Penalty to Shayne Gostisbehere for Interference.
2:50 of 3rd period - Colton Sissons wins face-off versus Kevin Hayes in DETROIT Red Wings zone.
2:58 of 3rd period - Tomas Tatar is hit by Colton Parayko and loses puck.
3:58 of 3rd period - Shot by Andrei Svechnikov.
3:58 of 3rd period - Stopped by John Gibson without a rebound.
3:59 of 3rd period - Luke Glendening wins face-off versus Sebastian Aho in DETROIT Red Wings zone.
4:41 of 3rd period - Colton Parayko is hit by Jared McCann and loses puck.
5:07 of 3rd period - Shot by Zach Hyman.
5:07 of 3rd period - Stopped by Connor Hellebuyck without a rebound.
5:08 of 3rd period - Noel Acciari wins face-off versus Ryan O'Reilly in VEGAS Golden Knights zone.
5:08 of 3rd period - Noel Acciari is hit by Josh Anderson.
5:11 of 3rd period - Olli Maatta is hit by Josh Anderson and loses puck.
5:12 of 3rd period - Minor Penalty to Alex Ovechkin for Roughing.
5:13 of 3rd period - Colton Sissons wins face-off versus Kevin Hayes in DETROIT Red Wings zone.
5:13 of 3rd period - Colton Sissons is hit by Nikita Zadorov.
5:19 of 3rd period - Shot by Andrei Svechnikov.
5:19 of 3rd period - Shot Misses the Net.
5:32 of 3rd period - Icing by Noel Acciari.
5:33 of 3rd period - Colton Sissons wins face-off versus Luke Glendening in VEGAS Golden Knights zone.
5:33 of 3rd period - Colton Sissons is hit by Luke Glendening.
5:38 of 3rd period - Andrei Svechnikov is hit by Colton Parayko and loses puck.
6:20 of 3rd period - Shot by Sebastian Aho.
6:20 of 3rd period - Shot Blocked by Nikita Zadorov.
6:22 of 3rd period - Shot by Mikael Granlund.
6:22 of 3rd period - Shot Misses the Net.
6:26 of 3rd period - Shot by Tony DeAngelo.
6:26 of 3rd period - Stopped by John Gibson without a rebound.
6:27 of 3rd period - Alex Killorn wins face-off versus Kevin Hayes in DETROIT Red Wings zone.
6:38 of 3rd period - Shot by Alex Killorn.
6:38 of 3rd period - Goal by Alex Killorn - DETROIT Red Wings : 2 - VEGAS Golden Knights : 5.
6:38 of 3rd period - Calvin Pickard enters game.
6:39 of 3rd period - Noel Acciari wins face-off versus Ryan O'Reilly in neutral zone.
6:55 of 3rd period - Minor Penalty to Alex Ovechkin for Roughing.
6:56 of 3rd period - Sebastian Aho wins face-off versus Kevin Hayes in DETROIT Red Wings zone.
7:01 of 3rd period - Shot by Jared McCann.
7:01 of 3rd period - Shot Misses the Net.
7:29 of 3rd period - Shot by Sebastian Aho.
7:29 of 3rd period - Shot Blocked by Colton Parayko.
7:39 of 3rd period - Shot by Sebastian Aho.
7:39 of 3rd period - Deflect By Alex Killorn.
7:39 of 3rd period - Shot Misses the Net.
7:52 of 3rd period - Icing by Mikael Granlund.
7:53 of 3rd period - Luke Glendening wins face-off versus Colton Sissons in VEGAS Golden Knights zone.
8:42 of 3rd period - Tony DeAngelo is hit by Nikita Zadorov and loses puck.
8:58 of 3rd period - Olli Maatta is hit by Bryan Rust and loses puck.
9:07 of 3rd period - Shot by Bryan Rust.
9:07 of 3rd period - Stopped by Connor Hellebuyck with a rebound.
9:09 of 3rd period - Shot by Bryan Rust.
9:09 of 3rd period - Shot Misses the Net.
9:31 of 3rd period - Shot by Sidney Crosby.
9:31 of 3rd period - Shot Misses the Net.
9:38 of 3rd period - Off-side.
9:39 of 3rd period - Ryan O'Reilly wins face-off versus Mikael Granlund in neutral zone.
9:41 of 3rd period - Off-side.
9:42 of 3rd period - Mikael Granlund wins face-off versus Alex Ovechkin in neutral zone.
9:42 of 3rd period - Mikael Granlund is hit by Alex Ovechkin.
9:58 of 3rd period - Shot by Alex Killorn.
9:58 of 3rd period - Shot Blocked by Colton Parayko.
10:00 of 3rd period - Shot by Alex Killorn.
10:00 of 3rd period - Shot Misses the Net.
10:18 of 3rd period - Shot by Adam Larsson.
10:18 of 3rd period - Stopped by Calvin Pickard without a rebound.
10:19 of 3rd period - Evgenii Dadonov wins face-off versus Sidney Crosby in DETROIT Red Wings zone.
10:22 of 3rd period - Shot by Colton Sissons.
10:22 of 3rd period - Deflect By Adam Erne.
10:22 of 3rd period - Stopped by Calvin Pickard with a rebound.
11:38 of 3rd period - Shot by Alex Ovechkin.
11:38 of 3rd period - Shot Misses the Net.
11:40 of 3rd period - Shot by Colton Parayko.
11:40 of 3rd period - Stopped by Connor Hellebuyck without a rebound.
11:41 of 3rd period - Mikael Granlund wins face-off versus Kevin Hayes in VEGAS Golden Knights zone.
11:43 of 3rd period - Icing by Alex Killorn.
11:44 of 3rd period - Josh Anderson wins face-off versus Mikael Granlund in VEGAS Golden Knights zone.
11:44 of 3rd period - Josh Anderson is hit by Olli Maatta.
11:55 of 3rd period - Ryan O'Reilly is hit by Adam Larsson and loses puck.
12:07 of 3rd period - Minor Penalty to Alex Ovechkin for Tripping.
12:08 of 3rd period - Colton Sissons wins face-off versus Kevin Hayes in DETROIT Red Wings zone.
12:11 of 3rd period - Shot by Andrei Svechnikov.
12:11 of 3rd period - Deflect By Tomas Tatar.
12:11 of 3rd period - Shot Misses the Net.
12:28 of 3rd period - Off-side.
12:29 of 3rd period - Kevin Hayes wins face-off versus Sebastian Aho in neutral zone.
12:39 of 3rd period - Shot by Sebastian Aho.
12:39 of 3rd period - Stopped by Calvin Pickard with a rebound.
12:41 of 3rd period - Shot by Jared McCann.
12:41 of 3rd period - Stopped by Calvin Pickard without a rebound.
12:42 of 3rd period - Colton Sissons wins face-off versus Kevin Hayes in DETROIT Red Wings zone.
12:43 of 3rd period - Shot by Andrei Svechnikov.
12:43 of 3rd period - Stopped by Calvin Pickard with a rebound.
12:45 of 3rd period - Shot by Noel Acciari.
12:45 of 3rd period - Stopped by Calvin Pickard with a rebound.
12:51 of 3rd period - Shot by Andrei Svechnikov.
12:51 of 3rd period - Shot Misses the Net.
13:21 of 3rd period - Shot by Andrei Svechnikov.
13:21 of 3rd period - Deflect By Tomas Tatar.
13:21 of 3rd period - Goal by Tomas Tatar - DETROIT Red Wings : 2 - VEGAS Golden Knights : 6.
13:22 of 3rd period - Sidney Crosby wins face-off versus Sebastian Aho in neutral zone.
13:39 of 3rd period - Shayne Gostisbehere is hit by Jared McCann and loses puck.
14:23 of 3rd period - Minor Penalty to Colton Sissons for Boarding.
14:24 of 3rd period - Ryan O'Reilly wins face-off versus Mikael Granlund in VEGAS Golden Knights zone.
14:25 of 3rd period - Shot by Seth Jones.
14:25 of 3rd period - Shot Misses the Net.
14:27 of 3rd period - Shot by Alex Ovechkin.
14:27 of 3rd period - Goal by Alex Ovechkin - DETROIT Red Wings : 3 - VEGAS Golden Knights : 6.
14:28 of 3rd period - Mikael Granlund wins face-off versus Ryan O'Reilly in neutral zone.
14:30 of 3rd period - Off-side.
14:31 of 3rd period - Ryan O'Reilly wins face-off versus Mikael Granlund in neutral zone.
14:33 of 3rd period - Off-side.
14:34 of 3rd period - Ryan O'Reilly wins face-off versus Mikael Granlund in neutral zone.
14:57 of 3rd period - Shot by Alex Ovechkin.
14:57 of 3rd period - Shot Blocked by Noah Hanifin.
15:09 of 3rd period - Shot by Colton Parayko.
15:09 of 3rd period - Shot Misses the Net.
15:11 of 3rd period - Shot by Seth Jones.
15:11 of 3rd period - Goal by Seth Jones - DETROIT Red Wings : 4 - VEGAS Golden Knights : 6.
15:12 of 3rd period - Sidney Crosby wins face-off versus Colton Sissons in neutral zone.
15:26 of 3rd period - Icing by Jeff Petry.
15:27 of 3rd period - Sidney Crosby wins face-off versus Sebastian Aho in DETROIT Red Wings zone.
15:45 of 3rd period - Zach Hyman is hit by Adam Larsson.
15:59 of 3rd period - Shot by Shayne Gostisbehere.
15:59 of 3rd period - Stopped by Connor Hellebuyck without a rebound.
16:00 of 3rd period - Mikael Granlund wins face-off versus Alex Ovechkin in VEGAS Golden Knights zone.
16:20 of 3rd period - Shot by Alex Ovechkin.
16:20 of 3rd period - Shot Misses the Net.
17:12 of 3rd period - Shot by Evgenii Dadonov.
17:12 of 3rd period - Shot Misses the Net.
18:02 of 3rd period - Shot by Zach Hyman.
18:02 of 3rd period - Stopped by Connor Hellebuyck without a rebound.
18:03 of 3rd period - Luke Glendening wins face-off versus Sebastian Aho in VEGAS Golden Knights zone.
19:15 of 3rd period - Trevor Lewis is hit by Olli Maatta and loses puck.
19:31 of 3rd period - Minor Penalty to Josh Anderson for Boarding.
19:32 of 3rd period - Colton Sissons wins face-off versus Kevin Hayes in DETROIT Red Wings zone.
19:33 of 3rd period - Shot by Tomas Tatar.
19:33 of 3rd period - Shot Blocked by Nikita Zadorov.
19:43 of 3rd period - Shot by Tomas Tatar.
19:43 of 3rd period - Shot Misses the Net.
19:45 of 3rd period - Shot by Tony DeAngelo.
19:45 of 3rd period - Stopped by Calvin Pickard without a rebound.
19:46 of 3rd period - Travis Boyd wins face-off versus Sebastian Aho in DETROIT Red Wings zone.
19:46 of 3rd period - Travis Boyd is hit by Sebastian Aho.
19:55 of 3rd period - Icing by Alex Killorn.
19:56 of 3rd period - Sebastian Aho wins face-off versus Kevin Hayes in VEGAS Golden Knights zone.
Goals for this period are 2 for DETROIT Red Wings vs 2 for VEGAS Golden Knights.
Shots for this period are 8 for DETROIT Red Wings vs 11 for VEGAS Golden Knights. Output by the SimonT Hockey Simulator (STHS) for Martin Benoit - Original Page W3C HTML5 Valid
Hockey Simulator - Hockey Simulation - Hockey Manager